[Event "Titled Tuesday Blitz June 28 Late 2022"]
[White "Meunier-Pion, Jean"]
[Black "Yaksin, Oleg"]
[WhiteFideId "20685327"]
[BlackFideId "24105880"]
[WhiteElo "2124"]
[BlackElo "2256"]
[Result "1-0"]
[Round "10"]
[TimeControl "180+1"]
[Date "2022.06.28"]
[WhiteClock "0:00:15"]
[BlackClock "0:00:04"]

1. e4 e6 2. d4 d5 3. Nd2 c5 4. exd5 Qxd5 5. Ngf3 cxd4 6. Bc4 Qd6 7. O-O Nc6 8. Nb3 Nf6 9. Nbxd4 Nxd4 10. Qxd4 a6 11. Bf4 Qxd4 12. Nxd4 b5 13. Be2 Bb7 14. a4 Nd5 15. Be5 b4 16. a5 Rc8 17. Bf3 Rg8 18. c4 Rxc4 19. Rfc1 Rxc1+ 20. Rxc1 f6 21. Nxe6 fxe5 22. Bxd5 Bxd5 23. Nc7+ Kd7 24. Nxd5 Bd6 25. Kf1 Ke6 26. Nb6 Rf8 27. Ke2 e4 28. Rc6 Ke7 29. Nc4 Bxh2 30. Rxa6 Bb8 31. Rb6 Kd7 32. Rxb4 Kc6 33. Rb6+ Kc5 34. Nd2 Bc7 35. Nxe4+ Kd5 36. Nc3+ Kc5 37. Rb7 Bxa5 38. Rb5+ Kc4 39. Rxa5 Re8+ 40. Kd2 Rb8 41. Nd1 Rd8+ 42. Ke2 Rd7 43. Ra3 Kb4 44. Rd3 Re7+ 45. Re3 Rd7 46. Rh3 h6 47. Re3 Rc7 48. g4 Rc4 49. f3 Rc2+ 50. Kd3 Rc7 51. Re4+ Kb3 52. Rd4 Re7 53. Kd2 Rf7 54. Rd3+ Kc4 55. b3+ Kb4 56. Ne3 Rc7 57. Nd5+ 1-0


[Site "https://www.chess.com"]

[Event "Titled Tuesday Blitz June 28 Late 2022"]
[White "Mirzoev, Azer"]
[Black "Jaskolka, Tomasz"]
[WhiteFideId "13400304"]
[BlackFideId "1170791"]
[WhiteElo "2525"]
[BlackElo "2073"]
[Result "0-1"]
[Round "10"]
[TimeControl "180+1"]
[Date "2022.06.29"]
[WhiteClock "0:00:04"]
[BlackClock "0:00:29"]

1. e4 c5 2. Nc3 e6 3. g3 d5 4. exd5 exd5 5. Bg2 Nf6 6. d3 Nc6 7. Bg5 d4 8. Ne4 Be7 9. Bxf6 Bxf6 10. Nh3 O-O 11. O-O Be7 12. Re1 Bf5 13. Nf4 Qd7 14. Qh5 b6 15. Nxc5 Bxc5 16. Bxc6 Qxc6 17. Qxf5 Bb4 18. Re2 Rfe8 19. Qd5 Qc7 20. Rxe8+ Rxe8 21. Qb5 Qe7 22. Nd5 Qe5 23. Nf6+ gxf6 24. Qxb4 h5 25. h4 f5 26. Qd2 f6 27. Rd1 Kg7 28. c4 f4 29. Qxf4 Qe2 30. Qd2 Qf3 31. Re1 Rxe1+ 32. Qxe1 Qxd3 33. Qe7+ Kg6 34. Qe8+ Kg7 35. Qe7+ Kg6 36. Qe8+ Kg7 37. Qxh5 Qe4 38. Qd1 d3 39. Qd2 Qe2 40. Qf4 d2 41. Qc7+ Kg6 42. h5+ Qxh5 0-1


[Site "https://www.chess.com"]

[Event "Titled Tuesday Blitz June 28 Late 2022"]
[White "Mortazavi, Ali"]
[Black "Leiva, Gianmarco"]
[WhiteFideId "401323"]
[BlackFideId "3804399"]
[WhiteElo "2339"]
[BlackElo "2323"]
[Result "1-0"]
[Round "10"]
[TimeControl "180+1"]
[Date "2022.06.28"]
[WhiteClock "0:00:06"]
[BlackClock "0:00:02"]

1. Nf3 Nf6 2. g3 d5 3. Bg2 Bg4 4. O-O c6 5. d3 Nbd7 6. c4 dxc4 7. dxc4 e5 8. Nc3 Be7 9. h3 Be6 10. b3 O-O 11. Qc2 h6 12. Nh4 Re8 13. Nf5 Bf8 14. Bb2 Qc7 15. Rad1 Nc5 16. g4 a5 17. Ng3 a4 18. Nce4 Nfxe4 19. Nxe4 axb3 20. axb3 Ra2 21. Qc3 f6 22. e3 Rea8 23. Rd2 Qb6 24. Nxc5 Bxc5 25. Rd3 Rxb2 26. Qxb2 Bxc4 27. Be4 Bxd3 28. Bxd3 Rd8 29. Bb1 Qb4 30. Qc2 e4 31. Rd1 Rxd1+ 32. Qxd1 Bd6 33. Kg2 Kf8 34. Bc2 Ke7 35. Qb1 Qc3 36. Bxe4 Qe5 37. Bf3 Qh2+ 38. Kf1 Qxh3+ 39. Ke2 Qh2 40. Qh7 Kf7 41. Be4 Bg3 42. Bg6+ Ke6 43. Qg8+ Kd6 44. Qf8+ Kc7 45. Qxg7+ Kb6 46. Qxf6 Be5 47. Qf5 Bd6 48. Qe4 Bg3 49. Qf3 Bd6 50. Bd3 Qe5 51. Qe4 Qb2+ 52. Kf3 Qxb3 53. Qd4+ Bc5 54. Qe4 Qf7+ 55. Kg2 Qd7 56. Kg1 Qd6 57. Kg2 Ka5 58. f4 b5 59. Qf5 Bxe3 60. Kf3 Bxf4 61. Qxf4 Qxd3+ 62. Kg2 Qe2+ 63. Kh3 Qe6 64. Qd2+ Kb6 65. Qd4+ c5 66. Qd8+ Kc6 67. Kh4 Qe1+ 68. Kh5 Qe6 69. Kh4 Qd6 70. Qa8+ Kd7 71. Kh5 Qh2+ 72. Kg6 Qd6+ 73. Kh7 b4 74. Qb7+ Ke6 75. Kxh6 Ke5+ 76. Kh5 Qd4 77. Qe7+ Kf4 78. Qf7+ Kg3 79. g5 Qh8+ 80. Kg6 b3 81. Qc7+ Kg4 82. Qxc5 Qe8+ 83. Kg7 Qd7+ 84. Kh6 Qe6+ 85. g6 Kh3 86. Qh5+ Kg3 87. Qg5+ Kf3 88. Qb5 Qh3+ 89. Kg7 Qe6 90. Qb7+ Kg4 91. Kh7 Kh5 92. Qh1+ Kg5 93. Qg2+ Kf6 94. g7 Qf5+ 95. Kh8 Qh5+ 96. Kg8 1-0


[Site "https://www.chess.com"]

[Event "Titled Tuesday Blitz June 28 Late 2022"]
[White "Munoz, Francisco Javier"]
[Black "Khan, Taffin"]
[WhiteFideId "128368"]
[BlackFideId "19700024"]
[WhiteElo "2383"]
[BlackElo "2070"]
[Result "1-0"]
[Round "10"]
[TimeControl "180+1"]
[Date "2022.06.29"]
[WhiteClock "0:00:08"]
[BlackClock "0:00:01"]

1. e4 c5 2. Nc3 a6 3. d4 cxd4 4. Qxd4 Nc6 5. Qd2 Nf6 6. b3 e6 7. Bb2 Bb4 8. f3 d5 9. a3 Bxc3 10. Bxc3 dxe4 11. Qxd8+ Kxd8 12. fxe4 e5 13. Bd3 Be6 14. Nf3 Nd7 15. Ng5 Ke7 16. O-O-O Bg4 17. Rdf1 f6 18. h3 Bh5 19. g4 Be8 20. Nf3 Nc5 21. Nh4 Nxd3+ 22. cxd3 Bd7 23. Rhg1 Rac8 24. Kb2 h6 25. Ng6+ Ke6 26. Nxh8 Rxh8 27. b4 Na7 28. d4 exd4 29. Bxd4 Nb5 30. Bc5 Bc6 31. Rd1 Re8 32. Rge1 Kf7 33. a4 Nc7 34. Kb3 Ne6 35. Bd6 Ng5 36. e5 fxe5 37. Rxe5 Rxe5 38. Bxe5 Nxh3 39. Rc1 Kg6 40. Rc5 Nf2 41. b5 axb5 42. axb5 Bf3 43. Rc7 Nxg4 44. Rxg7+ Kf5 45. Bg3 h5 46. Kb4 Ne3 47. Rf7+ Kg4 48. Bf2 Nf5 49. Rf8 h4 50. Rg8+ Kf4 51. Rh8 Kg4 52. Kc5 h3 53. Rg8+ Kf4 54. Rh8 Bg2 55. Kb6 Kg4 56. Bg1 Nh4 57. Bf2 Ng6 58. Rh7 Nf4 59. Bg1 Nh5 60. Bh2 Nf4 61. Rxb7 Bxb7 62. Kxb7 Nd5 63. Kc6 Nb4+ 64. Kd7 Kf3 65. b6 Na6 66. Kc6 Kg2 67. Kb5 Nb8 68. Bxb8 1-0


[Site "https://www.chess.com"]

[Event "Titled Tuesday Blitz June 28 Late 2022"]
[White "Ozates, Tuna"]
[Black "Bolourchifard, Farzad"]
[WhiteFideId "6354521"]
[BlackFideId "12510084"]
[WhiteElo "1887"]
[BlackElo "2317"]
[Result "1-0"]
[Round "10"]
[TimeControl "180+1"]
[Date "2022.06.28"]
[WhiteClock "0:00:06"]
[BlackClock "0:00:06"]

1. e4 e5 2. Nf3 Nc6 3. Bc4 Bc5 4. c3 Nf6 5. d3 a6 6. O-O d6 7. a4 O-O 8. Nbd2 h6 9. h3 Re8 10. Re1 d5 11. exd5 Nxd5 12. Qb3 Na5 13. Qa2 Nxc4 14. Qxc4 Ba7 15. Rxe5 Rxe5 16. Nxe5 Be6 17. Qe4 Qd6 18. d4 Re8 19. Ndc4 Qd8 20. Qd3 c5 21. dxc5 Bxc5 22. Bd2 Qh4 23. Ne3 Nf4 24. Nf3 Nxd3 25. Nxh4 Nxb2 26. Rb1 Nxa4 27. Rxb7 Bxe3 28. fxe3 Rd8 29. Nf3 Bd5 30. Rb4 Bxf3 31. gxf3 Nc5 32. Rd4 Ra8 33. c4 a5 34. Rd5 Nb3 35. Bc3 a4 36. c5 a3 37. c6 a2 38. c7 a1=Q+ 39. Bxa1 Rxa1+ 40. Kg2 Ra2+ 41. Kg3 Rc2 42. Rd8+ Kh7 43. c8=Q Rxc8 44. Rxc8 Nd2 45. e4 f6 46. Kf2 Nb3 47. Ke3 Kg6 48. Kd3 Na5 49. Rc7 Nb3 50. Kc3 Nc1 51. Kd2 Nb3+ 52. Ke3 Na5 53. f4 Nb3 54. f5+ Kh7 55. h4 Na5 56. Kd4 Nb3+ 57. Kd5 Nd2 58. e5 fxe5 59. Kxe5 Nf3+ 60. Kf4 Nxh4 61. f6 Ng6+ 62. Kf5 Nh4+ 63. Kg4 Ng2 64. Rxg7+ Kh8 65. Kh5 Nf4+ 66. Kxh6 Ng6 67. Ra7 Nf8 68. Ra8 Kg8 69. Kg5 Kf7 70. Ra7+ Kg8 71. Rg7+ Kh8 72. Kh6 Ng6 73. f7 Ne7 74. f8=Q+ Ng8+ 75. Qxg8# 1-0


[Site "https://www.chess.com"]

[Event "Titled Tuesday Blitz June 28 Late 2022"]
[White "Papp, Levente"]
[Black "Clarke, Brandon G I"]
[WhiteFideId "751243"]
[BlackFideId "400319"]
[WhiteElo "2308"]
[BlackElo "2414"]
[Result "1/2-1/2"]
[Round "10"]
[TimeControl "180+1"]
[Date "2022.06.28"]
[WhiteClock "0:00:11"]
[BlackClock "0:00:06"]

1. c4 e6 2. Nf3 f5 3. g3 Nf6 4. Bg2 Be7 5. O-O O-O 6. d3 d6 7. Nc3 e5 8. b4 Qe8 9. Rb1 Qh5 10. c5 f4 11. gxf4 Bh3 12. Qb3+ Kh8 13. Bxh3 Qxh3 14. Ng5 Qh5 15. cxd6 cxd6 16. Qe6 Nc6 17. Qh3 exf4 18. Qxh5 Nxh5 19. Nge4 Rf5 20. Kh1 d5 21. Nc5 b6 22. b5 Nd4 23. Nb3 Ne6 24. Bd2 Nf6 25. e4 Rh5 26. f3 Rd8 27. Rbe1 dxe4 28. dxe4 Bd6 29. Rd1 Be5 30. Ne2 g5 31. Bb4 Re8 32. Rg1 Kg7 33. Bd6 Bxd6 34. Rxd6 Kf7 35. Ned4 Nxd4 36. Nxd4 h6 37. Nf5 Rc8 38. e5 Ne8 39. Rxh6 Rxh6 40. Nxh6+ Kg6 41. Ng4 Rc3 42. Nf2 Rxf3 43. Ne4 Kf5 44. Nxg5 Rf2 45. e6 Nf6 46. e7 Re2 47. Nf3 Rxe7 48. h4 Ng4 49. Nd4+ Ke4 50. Rxg4 Kxd4 51. Rxf4+ Kc5 52. Rf5+ Kb4 53. h5 Re1+ 54. Kg2 Re2+ 55. Rf2 Re5 56. Rf4+ Kxb5 57. Rh4 Re7 58. Kf3 Rh7 59. Kg4 Ka4 60. Kg5+ Ka3 61. Kg6 Rh8 62. h6 Kxa2 63. Kg7 Rc8 64. Ra4+ Kb3 65. Rxa7 b5 66. h7 b4 67. Rf7 Ka2 68. Ra7+ Kb2 69. h8=Q Rxh8 70. Kxh8 b3 71. Kg7 Kc2 72. Kf6 b2 73. Rb7 b1=Q 74. Rxb1 Kxb1 1/2-1/2


[Site "https://www.chess.com"]

[Event "Titled Tuesday Blitz June 28 Late 2022"]
[White "Paravyan, David"]
[Black "Pakleza, Zbigniew"]
[WhiteFideId "4194985"]
[BlackFideId "1119290"]
[WhiteElo "2569"]
[BlackElo "2467"]
[Result "1-0"]
[Round "10"]
[TimeControl "180+1"]
[Date "2022.06.28"]
[WhiteClock "0:01:23"]
[BlackClock "0:00:03"]

1. e4 d6 2. d4 Nf6 3. Nc3 c6 4. h3 b5 5. Bd3 e5 6. Nce2 Nbd7 7. c3 g6 8. f4 Bg7 9. Nf3 O-O 10. O-O Re8 11. fxe5 dxe5 12. Ng3 Qc7 13. Qe1 a5 14. Qf2 b4 15. Bg5 bxc3 16. bxc3 h6 17. Bh4 Nh7 18. Bc4 Nb6 19. Nxe5 Nxc4 20. Nxc4 Ba6 21. Ne3 Bxf1 22. Rxf1 g5 23. e5 gxh4 24. Ngf5 Ng5 25. Qxh4 Rab8 26. Ng4 Qd8 27. Nf6+ Bxf6 28. Nxh6+ Kf8 29. Rxf6 Rxe5 30. dxe5 Rb1+ 31. Kf2 Qd2+ 32. Kg3 Qe3+ 33. Kg4 Ne4 34. Rxf7+ Ke8 35. Qe7# 1-0


[Site "https://www.chess.com"]

[Event "Titled Tuesday Blitz June 28 Late 2022"]
[White "Petersson, Kjell"]
[Black "Capp, Stephen"]
[WhiteFideId "1705148"]
[BlackFideId "2027089"]
[WhiteElo "2009"]
[BlackElo "2149"]
[Result "1-0"]
[Round "10"]
[TimeControl "180+1"]
[Date "2022.06.29"]
[WhiteClock "0:00:54"]
[BlackClock "0:00:04"]

1. d4 Nf6 2. Bf4 d5 3. e3 c5 4. c3 Nc6 5. Nd2 Bf5 6. Qb3 Qb6 7. dxc5 Qxb3 8. axb3 e6 9. b4 e5 10. Bg3 Nd7 11. Ngf3 f6 12. b5 Nd8 13. b4 g5 14. Be2 h5 15. h3 h4 16. Bh2 Ne6 17. O-O Be7 18. c6 bxc6 19. bxc6 Nb6 20. Ra6 Kf7 21. Rfa1 Nc8 22. Nb3 Nc7 23. R6a5 g4 24. hxg4 Bxg4 25. Bd1 h3 26. Bxe5 hxg2 27. Bxc7 Nd6 28. Rxa7 Rag8 29. Nh2 Bxd1 30. Rxd1 Nf5 31. Nd4 Nh4 32. Bd6 Re8 33. Rxe7+ Rxe7 34. Bxe7 Kxe7 35. b5 Kd6 36. b6 1-0


[Site "https://www.chess.com"]

[Event "Titled Tuesday Blitz June 28 Late 2022"]
[White "Petrovic, Aleksa"]
[Black "Kovacevic, Radmila"]
[WhiteFideId "967629"]
[BlackFideId "933171"]
[WhiteElo "2117"]
[BlackElo "2115"]
[Result "1-0"]
[Round "10"]
[TimeControl "180+1"]
[Date "2022.06.29"]
[WhiteClock "0:00:40"]
[BlackClock "0:00:05"]

1. d4 e5 2. dxe5 Nc6 3. Nf3 Qe7 4. Nc3 Nxe5 5. e4 c6 6. Bf4 Ng6 7. Bg3 d5 8. Qe2 Nf6 9. exd5 Nxd5 10. Nxd5 cxd5 11. Qxe7+ Bxe7 12. Bb5+ Kf8 13. O-O-O Be6 14. Nd4 a6 15. Nxe6+ fxe6 16. Bd7 Bg5+ 17. Kb1 Ke7 18. Ba4 b5 19. Bb3 Kf7 20. f4 Bxf4 21. Bxf4 Nxf4 22. Rhf1 g5 23. g3 Kf6 24. gxf4 gxf4 25. Rxf4+ Ke7 26. a4 Rhf8 27. Rxf8 Rxf8 28. axb5 axb5 29. Rd4 Kd6 30. Rh4 Rf7 31. c3 Kc5 32. Bc2 Rf1+ 33. Ka2 e5 34. Rxh7 Rf2 35. Bg6 e4 36. h4 Rd2 37. h5 b4 38. cxb4+ Kxb4 39. h6 Rh2 40. Rh8 Kc5 41. Bxe4 dxe4 42. h7 e3 43. Rc8+ Kd4 44. h8=R Rxh8 45. Rxh8 e2 46. Re8 Kd3 47. b4 Kd2 48. b5 e1=Q 49. Rxe1 Kxe1 50. b6 1-0


[Site "https://www.chess.com"]

[Event "Titled Tuesday Blitz June 28 Late 2022"]
[White "Premnath, R."]
[Black "Sibilio, Mario"]
[WhiteFideId "5021928"]
[BlackFideId "800422"]
[WhiteElo "2600"]
[BlackElo "2296"]
[Result "1-0"]
[Round "10"]
[TimeControl "180+1"]
[Date "2022.06.29"]
[WhiteClock "0:00:41"]
[BlackClock "0:00:04"]

1. d4 Nf6 2. c4 e6 3. Nf3 c5 4. d5 exd5 5. cxd5 d6 6. Nc3 g6 7. e4 Bg7 8. Bb5+ Nfd7 9. a4 a6 10. Bd3 O-O 11. O-O Re8 12. Qc2 Nf6 13. h3 Nbd7 14. Bg5 h6 15. Bf4 Qe7 16. a5 g5 17. Bd2 Nh5 18. Rfe1 Ne5 19. Be2 Nf4 20. Nh2 Nxe2+ 21. Nxe2 Bd7 22. Ng3 Qf6 23. Nh5 Qg6 24. Nxg7 Kxg7 25. Bc3 Kh7 26. Re3 f5 27. exf5 Bxf5 28. Qb3 Rab8 29. Rae1 c4 30. Qb6 Nd3 31. Re7+ 1-0


[Site "https://www.chess.com"]

[Event "Titled Tuesday Blitz June 28 Late 2022"]
[White "Prieto Aranguren, Alain"]
[Black "Bayo Milagro, Alvaro"]
[WhiteFideId "2268906"]
[BlackFideId "22275240"]
[WhiteElo "2224"]
[BlackElo "2270"]
[Result "0-1"]
[Round "10"]
[TimeControl "180+1"]
[Date "2022.06.28"]
[WhiteClock "0:00:05"]
[BlackClock "0:00:23"]

1. e4 e5 2. f4 Nc6 3. Nf3 f5 4. Nxe5 Nxe5 5. fxe5 Qh4+ 6. Ke2 Qxe4+ 7. Kf2 Bc5+ 8. d4 Bxd4+ 9. Kg3 Bxe5+ 10. Kf2 Bd4+ 11. Kg3 Ne7 12. h4 O-O 13. Nc3 f4+ 14. Kh2 Qe5 15. Bc4+ d5 16. Re1 Qf6 17. Qh5 dxc4 18. Nd5 Nxd5 19. Qxd5+ Kh8 20. Qg5 Bd7 21. c3 Bb6 22. Rf1 Qxg5 23. hxg5 Be3 24. b3 Bxc1 25. Raxc1 cxb3 26. axb3 Rae8 27. Rf2 Bc6 28. Rcf1 f3 29. c4 Kg8 30. gxf3 Re3 31. b4 Rexf3 32. Rxf3 Rxf3 33. Re1 Kf7 34. b5 Bd7 35. Rd1 Be6 0-1


[Site "https://www.chess.com"]

[Event "Titled Tuesday Blitz June 28 Late 2022"]
[White "Rasulov, Vugar"]
[Black "Svane, Rasmus"]
[WhiteFideId "13402390"]
[BlackFideId "4657101"]
[WhiteElo "2560"]
[BlackElo "2674"]
[Result "0-1"]
[Round "10"]
[TimeControl "180+1"]
[Date "2022.06.28"]
[WhiteClock "0:00:04"]
[BlackClock "0:00:17"]

1. Nf3 d5 2. c4 e6 3. g3 Nf6 4. Bg2 Be7 5. O-O O-O 6. b3 d4 7. e3 c5 8. exd4 cxd4 9. d3 Nc6 10. Re1 Re8 11. a3 a5 12. Ne5 Nxe5 13. Rxe5 Bd6 14. Re1 e5 15. Bg5 h6 16. Bxf6 Qxf6 17. Nd2 Qe7 18. Qc1 Rb8 19. Ne4 b6 20. Qb2 Bb7 21. b4 Bc7 22. Rab1 f5 23. Nd2 Bxg2 24. Kxg2 Qd7 25. Qc2 Qc6+ 26. f3 axb4 27. axb4 Kh7 28. Ra1 Ra8 29. Qb3 Bd6 30. c5 Rxa1 31. Rxa1 bxc5 32. b5 Qd7 33. Qd5 Qxb5 34. Qxd6 Qxd3 35. Nf1 e4 36. Ra6 exf3+ 37. Kg1 f4 38. gxf4 Qc2 39. Nd2 Re1+ 40. Kf2 Qxd2+ 41. Kxf3 Qd3+ 42. Kg4 Rg1+ 43. Kh4 g5+ 44. Kh5 Qh3# 0-1


[Site "https://www.chess.com"]

[Event "Titled Tuesday Blitz June 28 Late 2022"]
[White "Richter, Nils"]
[Black "Novikova, Galina"]
[WhiteFideId "12990809"]
[BlackFideId "4157095"]
[WhiteElo "2311"]
[BlackElo "1863"]
[Result "0-1"]
[Round "10"]
[TimeControl "180+1"]
[Date "2022.06.29"]
[WhiteClock "0:00:01"]
[BlackClock "0:00:07"]

1. Nf3 e6 2. g3 f5 3. c4 Nf6 4. Bg2 Be7 5. O-O d6 6. d3 e5 7. Nc3 O-O 8. e4 Qe8 9. exf5 Bxf5 10. Nh4 Bc8 11. c5 Nc6 12. Be3 dxc5 13. Qa4 Nd4 14. Qc4+ Be6 15. Qa4 Qxa4 16. Nxa4 Rab8 17. Bxd4 cxd4 18. Nf3 Bd6 19. b3 c6 20. Rac1 Nd7 21. Rfe1 Bf5 22. Nb2 Ba3 23. Rc2 Bxb2 24. Rxb2 Bxd3 25. Nxe5 Nxe5 26. Rxe5 Rfe8 27. f4 Rxe5 28. fxe5 Re8 29. Rd2 Bf5 30. Rxd4 Rxe5 31. Kf2 Kf7 32. Rd8 Re7 33. b4 a6 34. a3 h6 35. Rb8 Bg4 36. Bf1 Be6 37. a4 Bd5 38. a5 Ke6 39. Bh3+ Kd6 40. Bc8 c5 41. bxc5+ Kxc5 42. Bg4 Kb5 43. Rc8 Bc6 44. Rd8 Kxa5 45. Rd6 Kb6 46. h4 Kc7 47. Rd4 a5 48. Bd1 Rd7 49. Ke3 Rxd4 50. Kxd4 Kb6 51. Kc3 Kc5 52. Be2 b5 53. Kb3 Bd5+ 54. Ka3 Bc4 55. Bd1 Bd3 56. Bb3 g5 57. hxg5 hxg5 58. Be6 Be2 59. Bf7 Kd4 60. Be6 Kc3 61. Bf7 Bd1 62. Be8 b4+ 63. Ka2 a4 64. Kb1 a3 65. Bf7 Bb3 66. Bg6 Be6 67. Be4 b3 68. Bf3 b2 0-1


[Site "https://www.chess.com"]

[Event "Titled Tuesday Blitz June 28 Late 2022"]
[White "Riehle, Marco"]
[Black "Leenhouts, Koen"]
[WhiteFideId "12904392"]
[BlackFideId "1008439"]
[WhiteElo "2462"]
[BlackElo "2409"]
[Result "1-0"]
[Round "10"]
[TimeControl "180+1"]
[Date "2022.06.28"]
[WhiteClock "0:00:45"]
[BlackClock "0:00:09"]

1. e4 e5 2. Nf3 Nc6 3. Bc4 Bc5 4. c3 Nf6 5. d4 exd4 6. cxd4 Bb4+ 7. Kf1 d5 8. exd5 Nxd5 9. Nc3 Bxc3 10. bxc3 Be6 11. Qd3 Qd6 12. Bg5 h6 13. Bd2 O-O 14. Re1 Na5 15. Bb3 Nxb3 16. axb3 Nf4 17. Bxf4 Qxf4 18. c4 Rad8 19. Qe3 Qf6 20. d5 Bf5 21. Qd4 Qxd4 22. Nxd4 Bd3+ 23. Kg1 Rfe8 24. Re3 a5 25. Nf3 Rxe3 26. fxe3 a4 27. Ne5 Be4 28. bxa4 Ra8 29. Kf2 Rxa4 30. Rc1 Ra2+ 31. Kg3 g5 32. Nf3 Kg7 33. h4 f6 34. Rd1 Rc2 35. Rd4 Bxf3 36. gxf3 Kg6 37. hxg5 fxg5 38. f4 Kf5 39. e4+ Kf6 40. e5+ Kf5 41. fxg5 hxg5 42. e6 Kf6 43. Re4 Ke7 44. Kg4 b5 45. cxb5 Rc5 46. Re5 Kf6 47. e7 Rc4+ 48. Kg3 Kxe5 49. e8=Q+ 1-0


[Site "https://www.chess.com"]

[Event "Titled Tuesday Blitz June 28 Late 2022"]
[White "Romanchuk, Viktor"]
[Black "D`Arruda, Ricardo D."]
[WhiteFideId "14109271"]
[BlackFideId "100692"]
[WhiteElo "2242"]
[BlackElo "2424"]
[Result "0-1"]
[Round "10"]
[TimeControl "180+1"]
[Date "2022.06.29"]
[WhiteClock "0:01:44"]
[BlackClock "0:02:06"]

1. d4 Nf6 2. c4 e5 3. dxe5 Ne4 4. Nd2 Nc5 5. Ngf3 Nc6 6. a3 Qe7 7. b4 Nxe5 8. e3 Ncd3+ 9. Bxd3 Nxd3+ 10. Ke2 Nxc1+ 11. Rxc1 g6 12. c5 Bg7 13. Nc4 O-O 14. h4 b6 15. h5 bxc5 16. bxc5 Qxc5 17. hxg6 hxg6 18. Rh4 Ba6 19. Ke1 d5 20. Ncd2 Qxa3 21. Ra4 Qd6 22. Qc2 Bb5 0-1


[Site "https://www.chess.com"]

[Event "Titled Tuesday Blitz June 28 Late 2022"]
[White "Romero Ruscalleda, Josep"]
[Black "Janturin, Artur"]
[WhiteFideId "2231859"]
[BlackFideId "4130022"]
[WhiteElo "2263"]
[BlackElo "2380"]
[Result "1-0"]
[Round "10"]
[TimeControl "180+1"]
[Date "2022.06.29"]
[WhiteClock "0:00:11"]
[BlackClock "0:00:08"]

1. e4 a6 2. d4 b5 3. a4 Bb7 4. Bd3 Nf6 5. Qe2 e6 6. Nf3 c5 7. dxc5 Bxc5 8. e5 Nd5 9. O-O b4 10. Bg5 Qc7 11. c4 bxc3 12. Nxc3 Nxc3 13. bxc3 Nc6 14. Rfe1 Ne7 15. Nd4 Nd5 16. Bd2 O-O 17. Qg4 f5 18. exf6 Nxf6 19. Qh4 Rf7 20. Bf4 Bd6 21. Bg5 Qxc3 22. Rad1 Bc5 23. Ne2 Qb4 24. Nf4 Bf8 25. Bxf6 gxf6 26. Re3 Kh8 27. Rg3 Rg7 28. Rxg7 Bxg7 29. Qxh7# 1-0


[Site "https://www.chess.com"]

[Event "Titled Tuesday Blitz June 28 Late 2022"]
[White "Salem, A.R. Saleh"]
[Black "Steinberg, Nitzan"]
[WhiteFideId "9301348"]
[BlackFideId "2801795"]
[WhiteElo "2679"]
[BlackElo "2471"]
[Result "1-0"]
[Round "10"]
[TimeControl "180+1"]
[Date "2022.06.28"]
[WhiteClock "0:00:10"]
[BlackClock "0:00:04"]

1. d4 d5 2. c4 c6 3. Nc3 Nf6 4. Nf3 e6 5. Bg5 Nbd7 6. e3 Qa5 7. cxd5 exd5 8. Bd3 Ne4 9. O-O Nxg5 10. Nxg5 Be7 11. f4 Qd8 12. Nf3 O-O 13. Qc2 Nf6 14. Ne5 c5 15. Rf3 cxd4 16. exd4 Qb6 17. Kh1 Be6 18. Re1 Rfe8 19. Qf2 Bb4 20. f5 Bd7 21. g4 Nxg4 22. Nxg4 Rxe1+ 23. Qxe1 Qxd4 24. Qg3 Re8 25. Rf4 Re1+ 26. Bf1 Qd2 27. Nf6+ Kh8 28. Nxd7 Bd6 29. Qh4 f6 30. Rf2 Qc1 31. Kg2 d4 32. Re2 Rxe2+ 33. Nxe2 Qc6+ 34. Kf2 Qxd7 35. Qxd4 Qc7 36. Qe4 Bc5+ 37. Kg2 h6 38. Nf4 Bd6 39. Ng6+ Kh7 40. Bc4 Qc5 41. Qe6 Qc6+ 42. Qd5 Qxd5+ 43. Bxd5 h5 44. Bxb7 Kh6 45. h4 Bc5 46. b3 a5 47. Kf3 Bd4 48. Bd5 Bc3 49. Bf7 Be1 50. Kg2 Bd2 51. Kh3 Be1 52. Ne7 Bc3 53. Bg6 1-0


[Site "https://www.chess.com"]

[Event "Titled Tuesday Blitz June 28 Late 2022"]
[White "Samsonkin, Artiom"]
[Black "Omariev, Maksim"]
[WhiteFideId "13503111"]
[BlackFideId "4193423"]
[WhiteElo "2513"]
[BlackElo "2444"]
[Result "1-0"]
[Round "10"]
[TimeControl "180+1"]
[Date "2022.06.29"]
[WhiteClock "0:00:09"]
[BlackClock "0:00:03"]

1. d4 d5 2. Bf4 Nf6 3. e3 c5 4. Nf3 Nc6 5. c3 Qb6 6. Qc2 Bf5 7. dxc5 Bxc2 8. cxb6 axb6 9. Na3 Bg6 10. Nb5 Ra5 11. a4 e6 12. b4 Nxb4 13. cxb4 Bxb4+ 14. Kd1 Ne4 15. Bg3 Ke7 16. Ne5 Bf5 17. Bh4+ f6 18. Nd3 Bc3 19. Rc1 Rc8 20. f3 Rxa4 21. fxe4 dxe4 22. Nxc3 Rac4 23. Kd2 exd3 24. Bg3 b5 25. Bxd3 Rd8 26. e4 Bxe4 27. Nxe4 Rxe4 28. Rc7+ Kf8 29. Rd1 Red4 30. Ke3 e5 31. Rxb7 e4 32. Rxb5 exd3 33. Rb3 d2 34. Rb2 R4d7 35. Rbxd2 Re8+ 36. Kf3 Rf7 37. Bd6+ Kg8 38. h4 h5 39. Bf4 g6 40. Rd8 Kf8 41. Bh6+ Ke7 42. R1d7+ Ke6 43. Rd6+ Ke7 44. R8d7# 1-0


[Site "https://www.chess.com"]

[Event "Titled Tuesday Blitz June 28 Late 2022"]
[White "Shapiro, Daniel"]
[Black "Vlassov, Nikolai"]
[WhiteFideId "2001780"]
[BlackFideId "4103360"]
[WhiteElo "2286"]
[BlackElo "2407"]
[Result "0-1"]
[Round "10"]
[TimeControl "180+1"]
[Date "2022.06.29"]
[WhiteClock "0:00:09"]
[BlackClock "0:00:48"]

1. d4 Nf6 2. c4 Nc6 3. Nf3 e6 4. a3 d5 5. Bg5 dxc4 6. e3 Na5 7. Nbd2 b5 8. a4 c6 9. b3 c3 10. Ne4 Bb4 11. Qc2 O-O 12. axb5 cxb5 13. Bxb5 Bb7 14. Bd3 Bxe4 15. Bxe4 Rc8 16. Bxf6 Qxf6 17. Bxh7+ Kh8 18. Bd3 g6 19. h4 Kg7 20. Ra4 Nc6 21. h5 Rh8 22. Be4 a5 23. Ke2 Rxh5 24. Rxh5 gxh5 25. Bxc6 Rxc6 26. Ne5 Rc8 27. Nd3 Rb8 28. Ra1 Qg6 29. Nxb4 axb4 30. Qxg6+ Kxg6 31. Kd3 h4 32. Ra5 f5 33. Rc5 Kf6 34. Rc6 Ke7 35. f3 Rg8 36. Rb6 Rxg2 37. Rxb4 c2 38. Rc4 h3 0-1


[Site "https://www.chess.com"]

[Event "Titled Tuesday Blitz June 28 Late 2022"]
[White "Silvestre, Christian"]
[Black "Desideri, Ricardo Maruchi"]
[WhiteFideId "30956269"]
[BlackFideId "2110440"]
[WhiteElo "2347"]
[BlackElo "1945"]
[Result "1-0"]
[Round "10"]
[TimeControl "180+1"]
[Date "2022.06.29"]
[WhiteClock "0:00:05"]
[BlackClock "0:00:08"]

1. Nf3 c5 2. c3 Nf6 3. d4 cxd4 4. cxd4 g6 5. Nc3 Bg7 6. g3 Nc6 7. Bg2 d5 8. O-O O-O 9. Bf4 Bf5 10. Ne5 a6 11. Qa4 b5 12. Nxc6 bxa4 13. Nxd8 Rfxd8 14. Nxa4 Ne4 15. Rfd1 g5 16. Be3 Rab8 17. Rac1 h6 18. b3 Kf8 19. Nc5 Rbc8 20. Bxe4 Bxe4 21. Nxe4 dxe4 22. Rc4 Rb8 23. d5 Rb5 24. Rxe4 Rbxd5 25. Rxd5 Rxd5 26. Kg2 a5 27. Ra4 Bc3 28. Rc4 Bf6 29. Rc7 Kg7 30. Ra7 Bc3 31. Rxe7 Bb4 32. Rb7 Kg6 33. a4 f6 34. Rb5 Rd6 35. Bc5 Bxc5 36. Rxc5 Rb6 37. Rxa5 Rxb3 38. Ra6 Ra3 39. e3 Kf5 40. h3 h5 41. Ra8 Ke6 42. a5 Ke7 43. a6 Kd7 44. Kf3 Kc7 45. a7 Kb7 46. Rf8 Kxa7 47. Rxf6 Ra5 48. e4 Kb7 49. Rf5 Ra3+ 50. Kg2 Ra4 51. Rxg5 Rxe4 52. Rxh5 Kc7 53. Rh7+ Kd6 54. Rh6+ Ke7 55. Rh4 Re6 56. Rf4 Re1 57. h4 Re6 58. Kf3 Rh6 59. Re4+ Kf7 60. Rf4+ Kg7 61. Kg4 Rb6 62. Kh3 Rc6 63. h5 Kh6 64. Kh4 Kh7 65. g4 Kg7 66. g5 Kh7 67. Kg4 Kg7 68. f3 Rd6 69. Rf6 Rd5 70. f4 Rc5 71. Rd6 Rd5 72. Rxd5 1-0


[Site "https://www.chess.com"]